 Dungeon Crawl Stone Soup version 0.30.1-11-g7821555f0a (webtiles) character file.

Game seed: 18203607146357483473

6061 Ijustatesigmund the Destroyer (level 10, -17/59 HPs)
             Began as a Tengu Fire Elementalist on Dec 15, 2023.
             Was a Believer of Vehumet.
             Demolished by Sonja
             ... wielding a +0 dagger of distortion
              (24 damage)
             ... on level 10 of the Dungeon.
             The game lasted 00:27:46 (12173 turns).

Ijustatesigmund the Destroyer (TeFE)               Turns: 12173, Time: 00:27:47

Health: -17/59     AC:  7    Str:  8    XL:     10   Next: 87%
Magic:  17/23      EV: 15    Int: 20    God:    Vehumet [**....]
Gold:   552        SH:  0    Dex: 15    Spells: 16/25 levels left

rFire   . . .        l - +2 morningstar (protect)
rCold   . . .        (no shield)
rNeg    . . .        a - +1 robe
rPois   .            (helmet restricted)
rElec   .            (no cloak)
rCorr   .            (no gloves)
SInv    +            (boots unavailable)
Will    .....        (no amulet)
Stlth   ++           i - +4 ring of protection
HPRegen 0.29/turn    x - ring of see invisible
MPRegen 0.18/turn

%: no passive effects
@: marked, flying quickly and evasively, quick
A: beak, talons 3, nimble flight
a: Renounce Religion


You were on level 10 of the Dungeon.
You worshipped Vehumet.
Vehumet was pleased with you.
You visited 1 branch of the dungeon, and saw 10 of its levels.

You collected 552 gold pieces.

Inventory:

Hand Weapons
 j - a +0 rapier of protection
 l - a +2 morningstar of protection (weapon)
 m - a +2 short sword of holy wrath
Armour
 a - a +1 robe (worn)
Jewellery
 i - a +4 ring of protection (left hand)
 x - a ring of see invisible (right hand)
 y - a ring of resist corrosion
Scrolls
 d - 2 scrolls of immolation
 g - 5 scrolls of teleportation
 h - a scroll of poison
 p - 2 scrolls of blinking
 q - a scroll of enchant armour
 s - a scroll of magic mapping
Potions
 b - 4 potions of magic
 c - 2 potions of brilliance
 e - a potion of curing
 f - 4 potions of might
 k - a potion of heal wounds
 n - a potion of ambrosia
 t - 2 potions of attraction
 v - a potion of mutation


   Skills:
 + Level 5.0 Fighting
 - Level 2.0 Maces & Flails
 - Level 1.7 Armour
 - Level 3.0 Dodging
 - Level 2.0 Stealth
 - Level 8.3 Spellcasting
 - Level 10.0 Conjurations
 - Level 9.0 Fire Magic
 - Level 4.3 Air Magic
 - Level 3.3 Poison Magic


You had 16 spell levels left.
You knew the following spells:

 Your Spells              Type           Power      Damage    Failure   Level
a - Foxfire               Conj/Fire      100%       2x1d9     1%          1
b - Scorch                Fire           88%        2d9       1%          2
c - Flame Wave            Conj/Fire      46%        2d12      1%          4
d - Poisonous Vapours     Pois/Air       46%        N/A       2%          2

Your spell library contained the following spells:

 Spells                   Type           Power      Damage    Failure   Level
 Freeze                   Ice            32%        1d5       9%          1
 Inner Flame              Hex/Fire       26%        N/A       3%          3
 Volatile Blastmotes      Fire/Tloc      52%        2d14      3%          3
 Sting                    Tmut/Pois      60%        1d6       4%          1
 Olgreb's Toxic Radiance  Pois           21%        N/A       22%         4


Dungeon Overview and Level Annotations

Branches:
Dungeon (10/15)            Temple (0/1) D:5             Orc (0/2) D:9
   Lair: D:8-11

Altars:
Elyvilon
Gozag
Kikubaaqudgha
Okawaru
Qazlal
Trog
Vehumet
Xom
Yredelemnul

Annotations:
D:7 Duvessa, Pikel
D:10 Harold, Sonja


Innate Abilities, Weirdness & Mutations

You have a beak for a mouth.
You have claws for feet.
Your magical nature lets you fly swiftly and evasively.


Message History

The orc warrior is lightly wounded.
The flame wave engulfs the unseen horror!!
The unseen horror is burned terribly!
The unseen horror is severely wounded.
The flame wave engulfs Harold!
Harold is moderately wounded.
The flame wave engulfs Sonja!
Sonja is moderately wounded.
The orc warrior hits you with a +0 war axe!
A wave of flame ripples out!
The flame wave engulfs the orc warrior!
The orc warrior is moderately wounded.
The flame wave engulfs the unseen horror!
The unseen horror is burned terribly!
You kill the unseen horror!
Vehumet accepts your kill.
The flame wave engulfs Harold.
Harold is moderately wounded.
The flame wave engulfs Sonja!
Sonja is severely wounded.
The flame wave engulfs the orc wizard!
You kill the orc wizard!
Vehumet accepts your kill.
You feel your power returning.
You finish channelling waves of flame.
The orc warrior misses you.
Your Fighting skill increases to level 5!
Sonja mumbles some strange words.
Sonja blinks!
Sonja twirls her cape.
You see here a +0 club.
Okay, then.
Sonja says, "I'm academy-trained, you know."
Sonja gestures wildly while chanting.
Sonja blinks!
You see here 2 potions of flight.
Sonja closely misses you. x2; Sonja hits you but does no damage.
Space warps horribly around you!
* * * LOW HITPOINT WARNING * * *
Sonja attacks as you move away! Sonja hits you but does no damage.
Space warps horribly around you!!
You die...

#.#.##........# #.......#
....####......###....<..#
#.#.# #......##.......##
..#.# #......##.#.....#
?##.# #......##.#.##..#
....# #......##.#..#..#
.#### ###.#####>......#
.# #######)#####.##.#..#
.# #..........##@......#
.###.#####o...oK!...#.##
..##.####..@.....#..#.#
)....)o..o..ยง.........#
..##.####.......##.####
####.#####....####.#
#...............#
#######.######### #...#


You could see Harold, Sonja, an orc warrior and 2 orcs.

Vanquished Creatures
  A two-headed ogre (D:9)
  An unseen horror (D:10)
  A kobold demonologist (D:9)
  2 wraiths (D:9)
  2 humans (D:10)
  A steam dragon (D:8)
  Menkaure (D:7)
  3 wargs
  2 water moccasins
  6 black bears
  4 ice beasts
  A sky beast (D:7)
  A centaur (D:9)
  2 ogres
  A phantom (D:7)
  3 kobold brigands
  2 scorpions
  2 gnoll sergeants
  5 bullfrogs
  12 wights
  Dowan (D:7)
  2 jellies
  A gnoll bouda (D:9)
  2 orc priests
  3 hounds
  2 iguanas (D:5)
  3 sleepcaps
  7 orc wizards
  13 gnolls
  7 adders
  A shadow imp (D:7)
  An ufetubus (D:4)
  A worm (D:2)
  4 dart slugs
  12 orcs
  4 bats
  6 endoplasms
  2 giant cockroaches
  5 goblins
  8 hobgoblins
  4 jackals
  10 kobolds
  4 quokkas
  5 ball pythons
  2 frilled lizards
  4 rats
167 creatures vanquished.

Vanquished Creatures (others)
  280 foxfires
280 creatures vanquished.

Grand Total: 447 creatures vanquished

Notes
Turn   | Place    | Note
-------+----------+-------------------------------------------
     0 | D:1      | Ijustatesigmund the Tengu Fire Elementalist began the quest
                  | for the Orb.
     0 | D:1      | Reached XP level 1. HP: 10/10 MP: 4/4
   521 | D:1      | Reached XP level 2. HP: 15/15 MP: 1/6
   524 | D:1      | Learned a level 2 spell: Scorch
   878 | D:1      | Reached skill level 1 in Armour
   878 | D:1      | Reached skill level 2 in Conjurations
  1501 | D:2      | Reached XP level 3. HP: 19/19 MP: 2/7
  1982 | D:2      | Reached XP level 4. HP: 6/24 MP: 1/8
  2462 | D:2      | Reached skill level 3 in Conjurations
  2988 | D:3      | Gained mutation: Your magical nature lets you fly swiftly
                  | and evasively. [Tengu growth]
  2988 | D:3      | Reached XP level 5. HP: 25/28 MP: 6/10
  3006 | D:3      | Learned a level 4 spell: Flame Wave
  3097 | D:3      | Reached skill level 1 in Fighting
  4082 | D:4      | Noticed a black bear
  4100 | D:4      | Killed a black bear
  4101 | D:4      | Reached skill level 1 in Maces & Flails
  4101 | D:4      | Reached skill level 4 in Conjurations
  4101 | D:4      | Reached XP level 6. HP: 31/34 MP: 2/11
  4189 | D:4      | Found a white marble altar of Elyvilon.
  4359 | D:5      | Entered Level 5 of the Dungeon
  4359 | D:5      | Noticed a black bear
  4489 | D:4      | Reached skill level 5 in Fire Magic
  4964 | D:4      | Reached XP level 7. HP: 25/38 MP: 5/13
  5106 | D:5      | Reached skill level 5 in Conjurations
  5458 | D:5      | Found a shimmering altar of Xom.
  5460 | D:5      | Found a radiant altar of Vehumet.
  5468 | D:5      | Became a worshipper of Vehumet
  5493 | D:5      | Found a staircase to the Ecumenical Temple.
  5929 | D:5      | Reached XP level 8. HP: 11/45 MP: 2/15
  6349 | D:6      | Reached skill level 6 in Conjurations
  7210 | D:6      | Reached skill level 5 in Spellcasting
  7451 | D:6      | Reached skill level 7 in Conjurations
  7870 | D:7      | Reached XP level 9. HP: 51/51 MP: 14/18
  7974 | D:7      | Reached * piety under Vehumet
  7974 | D:7      | Offered knowledge of Shock by Vehumet.
  8335 | D:7      | Noticed Menkaure
  8588 | D:7      | Found a basalt altar of Yredelemnul.
  8598 | D:7      | Found a stormy altar of Qazlal.
  8625 | D:7      | Killed Menkaure
  8663 | D:7      | Noticed Dowan
  8663 | D:7      | Noticed Pikel
  8669 | D:7      | Noticed Duvessa
  8728 | D:7      | Killed Dowan
  8806 | D:8      | Reached skill level 8 in Conjurations
  9540 | D:8      | Found a bloodstained altar of Trog.
 10067 | D:9      | Found an opulent altar of Gozag.
 10078 | D:9      | Learned a level 2 spell: Poisonous Vapours
 10112 | D:9      | Reached skill level 1 in Air Magic
 10117 | D:9      | Reached skill level 9 in Conjurations
 10117 | D:9      | Reached XP level 10. HP: 44/56 MP: 7/22
 10243 | D:9      | Reached skill level 1 in Poison Magic
 10243 | D:9      | Offered knowledge of Freeze by Vehumet.
 10244 | D:9      | Reached ** piety under Vehumet
 10680 | D:9      | Found a staircase to the Orcish Mines.
 10731 | D:9      | Noticed a kobold demonologist
 10740 | D:9      | Noticed a kobold demonologist
 10742 | D:9      | Killed a kobold demonologist
 11570 | D:9      | Noticed a two-headed ogre
 11580 | D:9      | Killed a two-headed ogre
 11581 | D:9      | Reached skill level 10 in Conjurations
 11894 | D:9      | Found an ancient bone altar of Kikubaaqudgha.
 11926 | D:10     | Entered Level 10 of the Dungeon
 11994 | D:10     | Found an iron altar of Okawaru.
 12140 | D:10     | Noticed Harold
 12146 | D:10     | Noticed an unseen horror
 12148 | D:10     | Noticed Sonja
 12158 | D:10     | Killed an unseen horror
 12159 | D:10     | Reached skill level 5 in Fighting
 12173 | D:10     | Demolished by Sonja

Illustrated notes

Levels and vault maps discovered:
D:1:      lemuel_arrival_funnel, layout_loops_corners
D:2:      layout_loops_ring, minmay_diced_spiral
D:3:      layout_basic, hangedman_decor_push
D:4:      layout_loops_ring, elyvilon_altar_1
D:5:      layout_basic, gammafunk_temple_overflow_statue,
          minmay_temple_entry_antechambers
D:6:      layout_rooms, hangedman_decor_slide_cut
D:7:      layout_loops_ring, minitemple, uniq_menkaure, uniq_duvessa, uniq_pikel
D:8:      layout_basic, mainiacjoe_overflow_surrounded_room
D:9:      layout_cross, mainiacjoe_overflow_alcove_4, lemuel_doored_altar,
          minmay_orc_entry_guard_dogs
D:10:     layout_loops_cross, okawaru_humans, dpeg_lair_monsters, serial_shops,
          shop, hangedman_abyss_or_decor_passed, uniq_harold, uniq_sonja

Skill      XL: |  1  2  3  4  5  6  7  8  9 10 |
---------------+-------------------------------+-----
Armour         | 1 |  1.7
Conjurations   | 2 3 4 5 7 9 10 | 10.0
Fire Magic     | 4 5 6 8 9 |  9.0
Fighting       | 1 2 3 5 |  5.0
Spellcasting   | 3 4 5 7 8 |  8.3
Maces & Flails | 1 2 |  2.0
Dodging        | 3 |  3.0
Air Magic      | 1 4 |  4.3
Poison Magic   | 3 |  3.3
Stealth        | |  2.0

Action                     |  1- 3 |  4- 6 |  7- 9 | 10-12 || total
---------------------------+-------+-------+-------+-------++-------
  Melee: Whip              |    12 |       |       |       ||    12
         Kick              |     4 |     3 |     4 |       ||    11
         Peck              |     2 |     1 |     3 |       ||     6
         Morningstar       |       |     9 |    12 |     1 ||    22
         Dagger            |       |     3 |       |       ||     3
         Punch             |       |     1 |       |       ||     1
   Cast: Foxfire           |    43 |    39 |    69 |    16 ||   167
         Scorch            |    11 |    24 |    76 |    34 ||   145
         Flame Wave        |       |     1 |    14 |    10 ||    25
         Poisonous Vapours |       |       |       |     5 ||     5
  Evoke: Wand              |     1 |       |       |     2 ||     3
    Use: Scroll            |       |     7 |    11 |     3 ||    21
         Potion            |       |       |       |     2 ||     2
 Armour: Robe              |     4 |    31 |    32 |    16 ||    83
         Skin              |       |       |       |     2 ||     2
  Dodge: Dodged            |    21 |    55 |    64 |    50 ||   190
